 Dungeon Crawl Stone Soup version 0.21.3-3-g218456f21e (webtiles) character file.

151 ReteAZ the Grave Robber (level 5, -1/37 HPs)
             Began as a Gnoll Necromancer on Aug 20, 2020.
             Slain by a centaur (9 damage)
             ... on level 4 of the Dungeon.
             The game lasted 00:06:50 (2956 turns).

ReteAZ the Grave Robber (Gnoll Necromancer)         Turns: 2956, Time: 00:06:51

Health: -1/37      AC:  2    Str: 11    XL:     5   Next: 33%
Magic:  7/12       EV: 15    Int: 18    God:
Gold:   219        SH:  0    Dex: 15    Spells: 9/14 levels left

rFire    . . .     SeeInvis .   e - +0 hand axe
rCold    . . .     Gourm    .   (no shield)
rNeg     . . .     Faith    .   a - +0 robe
rPois    .         Spirit   .   (no helmet)
rElec    .         Reflect  .   (no cloak)
rCorr    .         Harm     .   (no gloves)
MR       .....                  (no boots)
Stlth    +++.......             (no amulet)
HPRegen  0.12/turn              (no ring)
MPRegen  0.13/turn              (no ring)

@: no status effects
A: distributed training, fangs 1, strong nose
a: no special abilities


You were on level 4 of the Dungeon.
You were not hungry.

You visited 1 branch of the dungeon, and saw 4 of its levels.

You collected 219 gold pieces.

Inventory:

Hand Weapons
 e - a +0 hand axe (weapon)
Armour
 a - a +0 robe (worn)
Jewellery
 d - a +2 ring of evasion {unknown}
 i - a cursed ring of teleportation {unknown}
Wands
 r - a wand of clouds (9)
Scrolls
 f - a scroll of immolation {unknown}
 g - 2 scrolls of identify {unknown}
 h - a scroll of amnesia {unknown}
 o - a scroll of enchant armour {unknown}
 s - a scroll of blinking {unknown}
Potions
 j - a potion of flight {unknown}
 k - 2 potions of curing {unknown}
 l - a potion of might {unknown}
 m - a potion of resistance {unknown}
 n - 2 potions of degeneration {unknown}
 q - 2 potions of lignification {unknown}
Books
 b - a book of Necromancy

   Spells                             Type                      Level
   a - Pain                           Necromancy                   1
   b - Animate Skeleton               Necromancy                   1
   c - Vampiric Draining              Necromancy                   3
   d - Regeneration                   Charms/Necromancy            3
   e - Animate Dead                   Necromancy                   4
   f - Borgnjor's Vile Clutch         Necromancy/Earth             5
 t - a book of Cantrips

   Spells                             Type                      Level
   a - Confusing Touch                Hexes                        1
   b - Animate Skeleton               Necromancy                   1
   c - Summon Small Mammal            Summoning                    1
   d - Apportation                    Translocation                1
Comestibles
 c - 4 rations
 p - a chunk of flesh


   Skills:
 + Level 1.4 Fighting
 + Level 1.4 Short Blades
 + Level 1.4 Long Blades
 + Level 1.4 Axes
 + Level 1.4 Maces & Flails
 + Level 1.4 Polearms
 + Level 1.4 Staves
 + Level 1.4 Slings
 + Level 1.4 Bows
 + Level 1.4 Crossbows
 + Level 1.4 Throwing
 + Level 1.4 Armour
 + Level 4.7 Dodging
 + Level 4.4 Stealth
 + Level 1.4 Shields
 + Level 1.4 Unarmed Combat
 + Level 5.2 Spellcasting
 + Level 1.1 Conjurations
 + Level 1.1 Hexes
 + Level 1.1 Charms
 + Level 1.1 Summonings
 + Level 7.2 Necromancy
 + Level 1.1 Translocations
 + Level 1.1 Transmutations
 + Level 1.1 Fire Magic
 + Level 1.1 Ice Magic
 + Level 1.1 Air Magic
 + Level 1.1 Earth Magic
 + Level 1.1 Poison Magic
 + Level 1.6 Invocations
 + Level 1.4 Evocations


You had 9 spell levels left.
You knew the following spells:

 Your Spells              Type           Power        Failure   Level  Hunger
a - Pain                  Necr           ####         1%          1    None
b - Animate Skeleton      Necr           N/A          1%          1    None
c - Vampiric Draining     Necr           ####......   1%          3    ##.....


Dungeon Overview and Level Annotations

Branches:
Dungeon (4/15)
 Temple: D:4-7

Altars:
Ashenzari
Fedhas
Gozag
Makhleb
Nemelex Xobeh
Wu Jian
Xom

Annotations:
D:3 2 transporters, exclusion: door
D:4 ReteAZ's ghost, amateur GnNe


Innate Abilities, Weirdness & Mutations

Your experience applies equally to all skills.
You have very sharp teeth.
Your uncanny sense of smell can sniff out nearby items.


Message History

The centaur writhes in agony!
The centaur closely misses you. The centaur hits you.
Your frilled lizard skeleton bites the centaur but does no damage.
The centaur closely misses you.
Casting: Pain
Confirm with . or Enter, or press ? or * to list all spells.
Aiming: Pain
Press: ? - help, Shift-Dir - straight line, f/p - centaur
Aim: a centaur (moderately wounded, chance to defeat MR: 84%)
The centaur writhes in agony!
The centaur hits you!
Your frilled lizard skeleton bites the centaur but does no damage.
The centaur hits you!
* * * LOW HITPOINT WARNING * * *
Casting: Pain
Confirm with . or Enter, or press ? or * to list all spells.
Aiming: Pain
Press: ? - help, Shift-Dir - straight line, f/p - centaur
Aim: a centaur (moderately wounded, chance to defeat MR: 84%)
The centaur writhes in agony!
The centaur hits you!
You die...

.+_+...#.#...#.#
≈#'#≈..#.......#
≈≈.≈≈###.#.###.#
....'..#.......#
#...##.#...##..###
######.#...##...Z#
######.#......##Z#
.......%.......c>#
######.#...##.##@#
#.#..###.##.# ∆
..#..# #.##.#
####### #..... ##
###


You could see a centaur, a friendly frilled lizard skeleton and a friendly ball
python skeleton.

Vanquished Creatures
  An orc wizard (D:3)
  An orc priest (D:3)
  3 adders (D:3)
  An ooze (D:2)
  3 worms
  A dart slug (D:1)
  5 orcs (D:3)
  3 giant cockroaches
  4 goblins
  2 hobgoblins
  A quokka (D:2)
  A ball python (D:4)
  7 bats
  4 frilled lizards
  9 kobolds
  5 rats
51 creatures vanquished.

Vanquished Creatures (collateral kills)
  A frilled lizard (D:1)
1 creature vanquished.

Grand Total: 52 creatures vanquished

Notes
Turn   | Place    | Note
-------+----------+-------------------------------------------
     0 | D:1      | ReteAZ the Gnoll Necromancer began the quest for the Orb.
     0 | D:1      | Reached XP level 1. HP: 13/13 MP: 6/6
    93 | D:1      | Learned a level 1 spell: Animate Skeleton
   179 | D:1      | Reached XP level 2. HP: 19/19 MP: 7/7
   734 | D:2      | Reached skill level 5 in Spellcasting
   734 | D:2      | Reached XP level 3. HP: 19/25 MP: 1/9
   811 | D:2      | Found a shattered altar of Ashenzari.
   812 | D:2      | Found a blossoming altar of Fedhas.
  1219 | D:2      | Found an ornate altar of the Wu Jian Council.
  1259 | D:2      | Reached skill level 1 in Invocations
  1303 | D:2      | Found an opulent altar of Gozag.
  1682 | D:3      | Reached skill level 1 in Fighting
  1682 | D:3      | Reached skill level 1 in Short Blades
  1682 | D:3      | Reached skill level 1 in Long Blades
  1682 | D:3      | Reached skill level 1 in Axes
  1682 | D:3      | Reached skill level 1 in Maces & Flails
  1682 | D:3      | Reached skill level 1 in Polearms
  1682 | D:3      | Reached skill level 1 in Staves
  1682 | D:3      | Reached skill level 1 in Slings
  1682 | D:3      | Reached skill level 1 in Bows
  1682 | D:3      | Reached skill level 1 in Crossbows
  1682 | D:3      | Reached skill level 1 in Throwing
  1682 | D:3      | Reached skill level 1 in Armour
  1682 | D:3      | Reached skill level 1 in Shields
  1682 | D:3      | Reached skill level 1 in Unarmed Combat
  1682 | D:3      | Reached skill level 1 in Evocations
  1694 | D:3      | Found a burning altar of Makhleb.
  1694 | D:3      | Found a shimmering altar of Xom.
  1702 | D:3      | Reached XP level 4. HP: 27/32 MP: 4/11
  1876 | D:3      | Found a transporter.
  1972 | D:3      | Found a transporter.
  2395 | D:3      | Reached skill level 1 in Conjurations
  2395 | D:3      | Reached skill level 1 in Hexes
  2395 | D:3      | Reached skill level 1 in Charms
  2395 | D:3      | Reached skill level 1 in Summonings
  2395 | D:3      | Reached skill level 1 in Translocations
  2395 | D:3      | Reached skill level 1 in Transmutations
  2395 | D:3      | Reached skill level 1 in Fire Magic
  2395 | D:3      | Reached skill level 1 in Ice Magic
  2395 | D:3      | Reached skill level 1 in Air Magic
  2395 | D:3      | Reached skill level 1 in Earth Magic
  2395 | D:3      | Reached skill level 1 in Poison Magic
  2397 | D:3      | Reached XP level 5. HP: 27/37 MP: 4/12
  2706 | D:3      | Learned a level 3 spell: Vampiric Draining
  2751 | D:4      | Noticed ReteAZ's ghost (amateur GnNe)
  2882 | D:4      | Noticed an ogre
  2918 | D:4      | Found a sparkling altar of Nemelex Xobeh.
  2935 | D:4      | Noticed a centaur
  2956 | D:4      | Slain by a centaur

Skill      XL: |  1  2  3  4 |
---------------+-------------+-----
Spellcasting   | 5 |  5.2
Invocations    | 1 |  1.6
Fighting       | 1 |  1.4
Short Blades   | 1 |  1.4
Long Blades    | 1 |  1.4
Axes           | 1 |  1.4
Maces & Flails | 1 |  1.4
Polearms       | 1 |  1.4
Staves         | 1 |  1.4
Slings         | 1 |  1.4
Bows           | 1 |  1.4
Crossbows      | 1 |  1.4
Throwing       | 1 |  1.4
Armour         | 1 |  1.4
Shields        | 1 |  1.4
Unarmed Combat | 1 |  1.4
Evocations     | 1 |  1.4
Conjurations   | 1 |  1.1
Hexes          | 1 |  1.1
Charms         | 1 |  1.1
Summonings     | 1 |  1.1
Translocations | 1 |  1.1
Transmutations | 1 |  1.1
Fire Magic     | 1 |  1.1
Ice Magic      | 1 |  1.1
Air Magic      | 1 |  1.1
Earth Magic    | 1 |  1.1
Poison Magic   | 1 |  1.1
Dodging        | |  4.7
Stealth        | |  4.4
Necromancy     | |  7.2

Action                   |  1- 3 |  4- 6 || total
-------------------------+-------+-------++-------
Melee: Hand axe          |     5 |     7 ||    12
       Bite              |       |     1 ||     1
 Cast: Pain              |    52 |    38 ||    90
       Animate Skeleton  |     5 |     7 ||    12
 Stab: Sleeping          |     2 |     3 ||     5
  Eat: Chunk             |     2 |     4 ||     6
Armor: Robe              |     1 |     3 ||     4
Dodge: Dodged            |     9 |    21 ||    30
